Map: Cascade

Players

HeroMarine - Winner!

  • Race: Terran Terran
  • Spawn Location: 1:00

MaxPax

  • Race: Protoss Protoss
  • League: Grandmaster
  • Spawn Location: 7:00

VOD

Have the link to the VOD?

Description

Time

  • Played on: Oct. 21, 2022, 2:04 p.m.
  • Length: 7:04
Show
View Real Time Build Order
Export as new Build Order

HeroMarine Terran - Winner!

Build Orders:  

Get SALT Encoding   

  12  0:00  SCV  
  13  0:12  SCV  
  14  0:17  Supply Depot  
  14  0:24  SCV  
  15  0:38  SCV  
  15  0:40  Barracks  
  16  0:44  Refinery  
  16  0:50  SCV  
  16  0:53  Refinery  
  17  1:02  SCV  
  18  1:14  SCV  
  19  1:27  Reaper, Orbital Command  
  20  1:33  Supply Depot  
  20  1:43  Factory  
  20  1:53  SCV  
  21  1:59  Reaper  
  22  2:05  SCV  
  23  2:17  Command Center  
  23  2:19  SCV  
  26  2:30  Hellion  
  26  2:31  SCV  
  26  2:32  Barracks Reactor  
  26  2:36  Supply Depot  
  26  2:42  Starport  
  26  2:46  SCV  
  29  2:51  Widow Mine  
  29  2:58  SCV  
  30  3:08  Marine x2  
  30  3:10  SCV  
  35  3:13  Widow Mine  
  35  3:22  SCV  
  34  3:28  Medivac, Marine x2  
  38  3:34  Factory Tech Lab  
  38  3:35  SCV  
  38  3:45  Marine x2  
  38  3:47  Orbital Command  
  40  3:49  SCV  
  40  3:53  Cyclone  
  44  4:01  SCV  
  45  4:03  Viking  
  45  4:08  Marine x2  
  50  4:17  Supply Depot  
  50  4:26  Siege Tank, Marine  
  50  4:27  Marine  
  50  4:30  Supply Depot, SCV  
  54  4:38  Viking, SCV  
  54  4:42  Supply Depot, SCV  
  54  4:44  Marine  
  59  4:45  Marine  
  59  4:51  SCV  
  61  4:54  Supply Depot, SCV  
  61  4:58  Siege Tank  
  65  5:02  Marine  
  65  5:03  SCV, Marine  
  68  5:09  Viking  
  68  5:11  SCV  
  71  5:14  Engineering Bay  
  71  5:15  SCV  
  71  5:19  Marine  
  71  5:20  Supply Depot  
  71  5:21  Marine  
  74  5:29  SCV x2  
  74  5:30  Cyclone  
  79  5:38  Marine  
  79  5:39  Marine  
  79  5:41  SCV x2, Missile Turret, Viking  
  85  5:45  Missile Turret  
  85  5:51  Supply Depot  
  85  5:53  SCV x2  
  85  5:56  Marine  
  88  6:07  SCV x2  
  88  6:09  Marine  
  87  6:14  Marine  
  87  6:15  Missile Turret  
  87  6:16  Bunker  
  85  6:19  Bunker, SCV x2  
  90  6:26  Marine  
  90  6:27  Cyclone, Viking  
  90  6:32  Marine  
  94  6:38  Missile Turret  
  95  6:44  Marine  
  95  6:45  Barracks  
  95  6:46  Barracks  
  92  6:52  SCV  
Show
View Real Time Build Order
Export as new Build Order

MaxPax Protoss 

Build Orders: 1 Gate Expand, Phoenix Opening 

Get SALT Encoding   

  12  0:00  Probe  
  13  0:12  Probe  
  14  0:19  Pylon  
  14  0:24  Probe (Chrono Boost)  
  15  0:37  Gateway  
  15  0:38  Probe (Chrono Boost)  
  16  0:45  Probe (Chrono Boost)  
  16  0:46  Assimilator  
  17  0:52  Probe  
  18  1:04  Probe  
  19  1:16  Probe  
  20  1:23  Cybernetics Core  
  20  1:34  Nexus, Probe  
  21  1:41  Pylon  
  21  1:47  Probe  
  22  1:49  Assimilator  
  22  1:57  Adept (Chrono Boost)  
  24  2:04  Shield Battery  
  24  2:05  Probe  
  25  2:17  Adept (Chrono Boost)  
  25  2:20  Probe  
  28  2:27  Stargate  
  28  2:32  Probe  
  28  2:36  Warp Gate  
  29  2:39  Adept  
  31  2:46  Probe (Chrono Boost)  
  31  2:50  Probe (Chrono Boost)  
  33  2:57  Probe (Chrono Boost)  
  35  3:00  Probe (Chrono Boost)  
  35  3:01  Probe (Chrono Boost)  
  35  3:10  Probe  
  35  3:12  Phoenix (Chrono Boost), Probe  
  39  3:22  Probe  
  39  3:24  Probe  
  41  3:28  Phoenix (Chrono Boost)  
  41  3:34  Probe  
  43  3:36  Probe  
  44  3:45  Gateway  
  44  3:46  Probe, Pylon  
  45  3:52  Robotics Facility  
  46  3:58  Probe  
  46  4:00  Assimilator  
  46  4:02  Assimilator  
  46  4:04  Phoenix (Chrono Boost), Probe  
  49  4:15  Probe  
  50  4:17  Probe  
  51  4:25  Pylon  
  51  4:27  Phoenix (Chrono Boost), Probe  
  54  4:35  Pylon  
  54  4:40  Immortal (Chrono Boost)  
  54  4:43  Probe x2  
  60  4:47  Phoenix  
  60  4:50  Pylon  
  62  4:55  Probe x2  
  64  5:04  Nexus  
  64  5:07  Probe x2  
  64  5:11  Observer (Chrono Boost)  
  64  5:12  Robotics Bay  
  67  5:14  Sentry  
  67  5:19  Probe  
  70  5:21  Probe  
  70  5:24  Shield Battery  
  71  5:30  Pylon  
  71  5:31  Probe  
  71  5:35  Probe  
  73  5:37  Phoenix (Chrono Boost)  
  75  5:43  Probe  
  75  5:46  Shield Battery  
  75  5:47  Immortal (Chrono Boost), Pylon  
  80  5:51  Sentry  
  80  5:55  Shield Battery  
  82  5:58  Stalker  
  82  6:07  Phoenix  
  80  6:11  Probe  
  80  6:15  Zealot  
  78  6:19  Shield Battery  
  81  6:27  Shield Battery  
  81  6:30  Gateway  
  81  6:32  Phoenix  
  82  6:38  Zealot  
  84  6:41  Pylon  
  84  6:44  Probe  
Tags
 
Add a new tag
Caveats
  • Supply blocks, unpowered buildings, or Contaminate may cause inaccurate times.
  • Supply counts are checked every 10 seconds.